 Dungeon Crawl Stone Soup version 0.29-a0-187-ga23d9638d5 (webtiles) character file.

Game seed: 11062242945335104325

30 Hasart the Slasher (level 3, -1/30 HPs)
             Began as a Barachi Berserker on Feb 21, 2022.
             Was a Follower of Trog.
             Slain by an orc (6 damage)
             ... on level 2 of the Dungeon.
             The game lasted 00:00:54 (1127 turns).

Hasart the Slasher (Barachi Berserker)              Turns: 1127, Time: 00:00:55

Health: -1/30      AC:  2    Str: 20    XL:     3   Next: 20%
Magic:  3/3        EV: 12    Int:  7    God:    Trog [*.....]
Gold:   30         SH:  0    Dex: 11    Spells: 2/2 levels left

rFire   . . .      SeeInvis .   a - +0 falchion
rCold   . . .      Faith    .   (no shield)
rNeg    . . .      Spirit   .   b - +0 animal skin
rPois   .          Reflect  .   (no helmet)
rElec   .          Harm     .   (no cloak)
rCorr   .          Rampage  .   (no gloves)
Will    .....                   (no boots)
Stlth   +.........              (no amulet)
HPRegen 0.10/turn               (no ring)
MPRegen 0.08/turn               (no ring)

@: on berserk cooldown, slowed, very slow
A: amphibious, slowness 1, strong legs 1, +LOS
a: Hop, Renounce Religion, Berserk


You were on level 2 of the Dungeon.
You worshipped Trog.
Trog was aware of your devotion.
You visited 1 branch of the dungeon, and saw 2 of its levels.

You collected 30 gold pieces.

Inventory:

Hand Weapons
 a - a +0 falchion (weapon)
Armour
 b - a +0 animal skin (worn)
Scrolls
 c - a scroll of fear {unknown}
 e - a scroll of teleportation {unknown}
 f - 2 scrolls of immolation {unknown}
 h - a scroll of enchant armour {unknown}
Potions
 d - 2 potions of mutation {unknown}
 g - a potion of might {unknown}


   Skills:
 + Level 4.0 Fighting
 * Level 4.1 Long Blades
 + Level 3.0 Armour
 + Level 2.6 Dodging


You had 2 spell levels left.
You didn't know any spells.
Your spell library was empty.

Dungeon Overview and Level Annotations

Branches:
Dungeon (2/15)

Altars:


Innate Abilities, Weirdness & Mutations

You are amphibious.
You cover ground slowly.
You can hop short distances.
You have an extended range of vision and can be seen from far away.


Message History

Increase (S)trength, (I)ntelligence, or (D)exterity?
You feel stronger. x2
You slash the orc!
You kill the orc!
Trog accepts your kill.
You hit the orc.
The orc is almost dead.
You closely miss the orc.
The orc is almost dead.
The orc hits you with a +4 vampiric dagger.
The orc draws strength from your wounds!
You slash the orc!
You kill the orc!
Trog accepts your kill.
You barely miss the orc. Your punch misses the orc. The orc misses you.
You hit the orc.
The orc is lightly wounded.
You slash the orc!
You kill the orc!
Trog accepts your kill.
Your Armour skill increases to level 3!
You closely miss the orc. The orc completely misses you.
You closely miss the orc. The orc hits you with a +0 short sword.
* * * LOW HITPOINT WARNING * * *
You barely miss the orc. You barely miss the orc.
The orc hits you with a +0 short sword.
* * * LOW HITPOINT WARNING * * *
You completely miss the orc. The orc hits you with a +0 short sword.
* * * LOW HITPOINT WARNING * * *
You closely miss the orc.
You are no longer berserk.
You are exhausted.
You feel yourself slow down. The orc barely misses you.
You hit the orc.
The orc is lightly wounded.
The orc closely misses you.
You hit the orc but do no damage.
The orc is lightly wounded.
The orc barely misses you. The orc hits you with a +0 short sword.
You die...

### #.
..#.. #
##..#.#
#.
......
.##....
.#..)
... #o#
#@# #.#
...
##...
#♣.##
.# ♣#


You could see an orc.

Vanquished Creatures
  A dart slug (D:1)
  4 orcs (D:2)
  2 ball pythons (D:1)
  An endoplasm (D:1)
  3 goblins (D:1)
  A hobgoblin (D:2)
  2 jackals (D:1)
  2 kobolds (D:1)
  A quokka (D:1)
  3 bats (D:1)
  A frilled lizard (D:1)
  A rat (D:1)
22 creatures vanquished.

Notes
Turn   | Place    | Note
-------+----------+-------------------------------------------
     0 | D:1      | Hasart the Barachi Berserker began the quest for the Orb.
     0 | D:1      | Reached XP level 1. HP: 18/18 MP: 1/1
   159 | D:1      | Reached XP level 2. HP: 7/25 MP: 2/2
  1113 | D:2      | Reached XP level 3. HP: 23/30 MP: 3/3
  1127 | D:2      | Slain by an orc

Illustrated notes

Levels and vault maps discovered:
D:1:      tarquinn_simple_flora_water_a, layout_basic,
          chequers_serial_rivers_small_a
D:2:      layout_loops_ring, shapermc_ecumenical_altar_totnotflames

Skill      XL: |  1  2  3 |
---------------+----------+-----
Long Blades    | 4 |  4.1
Fighting       | 4 |  4.0
Armour         | 3 |  3.0
Dodging        | |  2.6

Action                   || total
-------------------------++-------
Melee: Falchion          ||    72
Invok: Berserk           ||     1
Armor: Animal skin       ||    14
Dodge: Dodged            ||    40

Table legend: (Time is in decaauts)
 A = Elapsed time spent in this place.
 B = Non-inter-level travel time spent in this place.
 C = Inter-level travel time spent in this place.
 D = Time resting spent in this place.
 E = Time spent auto-exploring this place.
 F = Levels seen in this place.
 G = Mean time per level.
                   A        B        C        D        E       F      G
               +--------+--------+--------+--------+--------+-----+--------+
         Total |   1274 |   1253 |     21 |      0 |   1090 |   2 |  637.0 |
       Dungeon |   1274 |   1253 |     21 |      0 |   1090 |   2 |  637.0 |
               +--------+--------+--------+--------+--------+-----+--------+

Top non-repeatable levels by time:
     D:1: 1250 daAuts
     D:2: 23 daAuts
